 Dungeon Crawl Stone Soup version 0.17.1-1-g73c8601 (webtiles) character file.

149328 abixa the Warrior (level 18, -3/151 HPs)
             Began as a Human Skald on Jan 5, 2016.
             Was the Champion of Okawaru.
             Slain by a tarantella (10 damage)
             ... on level 2 of the Spider Nest on Jan 6, 2016.
             The game lasted 02:57:09 (39707 turns).

abixa the Warrior (Human Skald)                    Turns: 39707, Time: 02:57:09

Health: -3/151     AC: 15    Str: 19    XL:     18   Next: 13%
Magic:  29/36      EV: 16    Int: 26    God:    Okawaru [******]
Gold:   1622       SH:  0    Dex: 15    Spells: 7 memorised, 13 levels left

rFire  + . .     SeeInvis +     c - +7 trident of Truth {pierce, rF+ Str+4}
rCold  + . .     Clarity  .     o - +2 leather armour of Orthodoxy {*Contam rPois rN+ Int+3}
rNeg   + . .     SustAt   .     (no shield)
rPois  +         Gourm    .     t - +3 crown of Dyrovepreva {rElec Int+2 SInv}
rElec  +         Spirit   .     X - +0 cloak of Eternity {Int+5}
rCorr  .         Warding  .     p - +2 pair of gloves
rMut   .         Stasis   .     T - +0 pair of boots
MR     +....                    O - amulet of faith
Stlth  +.........               w - ring of magical power
                                u - ring of protection from cold

@: very slightly contaminated, starving, somewhat resistant to hostile
enchantments, very unstealthy
A: no striking features
a: Heroism, Finesse, Renounce Religion


You were on level 2 of the Spider Nest.
You worshipped Okawaru.
Okawaru was exalted by your worship.
You were starving.

You visited 5 branches of the dungeon, and saw 30 of its levels.
You also visited: Labyrinth, Ossuary and Ice Cave.

You collected 3409 gold pieces.
You spent 1787 gold pieces at shops.

Inventory:

Hand Weapons
 c - the +7 trident of Truth (weapon) {pierce, rF+ Str+4}
   (You found it on level 1 of the Lair of Beasts)

   It inflicts extra damage upon your enemies.
   It affects your strength (+4).
   It protects you from fire.
 R - a +4 antimagic glaive
 Y - a +0 blowgun
Missiles
 k - 92 poisoned needles
 l - 8 curare-tipped needles
 y - 2 javelins (quivered)
 G - 5 needles of confusion
 I - 3 throwing nets
Armour
 o - the +2 leather armour of Orthodoxy (worn) {*Contam rPois rN+ Int+3}
   (You bought it in a shop on level 4 of the Orcish Mines)

   It affects your intelligence (+3).
   It protects you from poison.
   It protects you from negative energy.
   It causes magical contamination when unequipped.
 p - a +2 pair of gloves (worn)
 t - the +3 crown of Dyrovepreva (worn) {rElec Int+2 SInv}
   (You found it on level 8 of the Lair of Beasts)

   It affects your intelligence (+2).
   It insulates you from electricity.
   It lets you see invisible.
 T - a +0 pair of boots (worn)
 X - the +0 cloak of Eternity (worn) {Int+5}
   (Okawaru gifted it to you on level 10 of the Dungeon)

   It affects your intelligence (+5).
Jewellery
 b - the ring "Ucu Coud" {Ice Int+2 Dex-4 Stlth+}
   (You took it off a minotaur in a labyrinth)

   [ring of ice]

   It enhances your ice magic, and weakens your fire magic.
   It affects your intelligence (+2).
   It affects your dexterity (-4).
   It makes you vulnerable to fire.
   It protects you from cold.
   It makes you more stealthy.
 u - a ring of protection from cold (left hand)
 w - a ring of magical power (right hand)
 K - a cursed amulet of regeneration {unknown}
 O - an amulet of faith (around neck)
Wands
 m - a wand of paralysis (12)
 r - a wand of polymorph (7)
 z - a wand of enslavement (10)
 D - a wand of disintegration (12)
Scrolls
 a - 2 scrolls of immolation
 d - a scroll of blinking
 e - 2 scrolls of fear
 f - 10 scrolls of remove curse
 h - 5 scrolls of magic mapping
 i - 8 scrolls of teleportation
 v - 3 scrolls of recharging
 x - a scroll of silence
 C - a scroll of enchant weapon
 F - 3 scrolls of fog
 J - a scroll of vulnerability
Potions
 g - 7 potions of curing
 j - 7 potions of haste
 q - 7 potions of heal wounds
 B - 4 potions of berserk rage
 E - 2 potions of resistance
 H - 4 potions of invisibility
 M - 3 potions of might
 P - a potion of flight
 S - 6 potions of agility
 U - a potion of cancellation {unknown}
 V - a potion of poison {unknown}
Comestibles
 n - 2 beef jerkies
 s - 20 fruits
 A - a slice of pizza
 L - a meat ration


   Skills:
 - Level 16.3 Fighting
 - Level 14.0 Polearms
 - Level 10.0 Armour
 - Level 14.0 Dodging
 - Level 6.0 Spellcasting
 - Level 9.0 Hexes
 - Level 9.0 Charms
 + Level 6.2 Necromancy
 + Level 5.1 Translocations
 - Level 8.0 Invocations


You had 13 spell levels left.
You knew the following spells:

 Your Spells              Type           Power        Failure   Level  Hunger
a - Infusion              Chrm           ######       1%          1    None
b - Song of Slaying       Chrm           ######..     1%          2    None
c - Shroud of Golubria    Chrm/Tloc      #####.....   1%          2    None
d - Spectral Weapon       Hex/Chrm       ######..     1%          3    None
e - Cause Fear            Hex            ######....   1%          4    ###....
f - Regeneration          Chrm/Necr      #####.....   1%          3    None
g - Apportation           Tloc           ####......   1%          1    None


Dungeon Overview and Level Annotations

Branches:
Dungeon (15/15)            Temple (1/1) D:6            Lair (8/8) D:10
 Shoals (0/4) Lair:6       Spider (2/4) Lair:6        Slime (0/6) Lair:7
    Orc (4/4) D:12            Elf (0/3) Orc:4        Vaults (0/5) D:13
 Depths (0/5) D:15

Altars:
Ashenzari
Cheibriados
Dithmenos
Elyvilon
Fedhas
Gozag
Kikubaaqudgha
Makhleb
Nemelex Xobeh
Okawaru
Qazlal
Ru
Sif Muna
Trog
Vehumet
Xom
Yredelemnul
Zin
The Shining One
Beogh

Shops:
D:6 (   D:9 *   D:10 =}%   Orc:4 *[[(

Annotations:
D:4 exclusion: upstairs
D:9 stone
Spider:2 exclusion: Roxanne, Roxanne
Orc:3 Yermak's ghost, journeyman FoWn


Message History

The emperor scorpion closely misses your spectral weapon.
The emperor scorpion claws your spectral weapon.
Your spectral weapon shares its damage with you!
* * * LOW HITPOINT WARNING * * *
The emperor scorpion claws your spectral weapon but does no damage.
Marking area around Roxanne as unsafe for travelling.
Roxanne, Geomancer Emeritus comes into view.
Found a stone staircase leading up.
Read which item? (? for menu, Esc to quit)
Blink to where?
Press: ? - help, Dir - move target cursor, p - emperor scorpion You are very lightly contaminated with residual magic.
As you read the scroll of blinking, it crumbles to dust. 2 tarantellas come into view.
You are starving!
The tarantella hisses angrily. x2
The tarantella moves out of view.
Found 24 gold pieces and a potion of curing.
The tarantella bites you!
You die...

8................. ...
.......ยง.s........ ...
.................. ....
.................. ....!
###................
....$##.#................
s..s.....(...............
......s..................
#@.....##.....#..^.
##....##.##...#....
...^#...#...##... ....#
......^...
.............##..
................#
.....###...#...^. ......
.#.^...<.. #^.......


You could see an orb spider (wandering) and 2 tarantellas.

Vanquished Creatures
  Kirke (Lair:7)
  Donald (Orc:3)
  A frost giant (IceCv)
  An orc warlord (Orc:4)
  A stone giant (Orc:4)
  Nessos (D:14)
  A minotaur (Lab)
  Snorg (Orc:3)
  8 vault guards (D:13)
  Josephine (Orc:3)
  An ettin (D:15)
  10 hydras
  Harold (Lair:2)
  The ghost of abixa the Basher, a novice OgSk of Okawaru (D:9)
  5 catoblepae
  The ghost of crawlian the Grappler, a novice TrHu of Dithmenos (D:12)
  4 centaur warriors
  A queen ant (Lair:1)
  33 death yaks
  2 tengu warriors
  A deep elf knight (D:15)
  2 orc high priests (Orc:4)
  6 hill giants
  2 orc sorcerers
  5 orc knights
  3 manticores
  17 ugly things
  A moth of wrath (Spider:1)
  5 wolf spiders (Spider:1)
  A hornet (Spider:1)
  2 orb spiders
  16 elephants
  A griffon (Lair:6)
  5 cyclopes
  6 black mambas
  4 centaur zombies
  2 ice statues
  A gargoyle (D:14)
  20 spiny frogs
  4 kobold demonologists (D:12)
  2 torpor snails
  2 efreet
  14 komodo dragons
  2 demonic crawlers (Spider:1)
  A freezing wraith (D:14)
  16 polar bears
  4 tengu conjurers
  6 trolls
  2 queen bees
  5 fire drakes
  A jumping spider (Spider:1)
  Prince Ribbit (Lair:1)
  4 two-headed ogres
  A trapdoor spider zombie (D:13)
  2 shadows
  6 wyverns
  A spriggan (Lair:8)
  52 yaks
  3 tarantellas
  4 hogs
  2 redbacks (Spider:1)
  3 trapdoor spiders
  21 blink frogs
  4 wraiths (Orc:3)
  2 deep elf magi
  11 hippogriffs
  3 hungry ghosts
  3 basilisks
  2 mottled dragons
  3 vampire mosquitoes (D:12)
  5 wargs
  31 wolves
  7 soldier ants (Lair:1)
  10 porcupines
  3 sky beasts
  21 water moccasins
  An ice beast (D:11)
  A phantom (D:6)
  A necrophage (D:12)
  5 spiders
  14 ogres
  30 orc warriors
  4 black bears
  A centaur (shapeshifter) (D:15)
  8 centaurs
  A brain worm (D:11)
  17 crocodiles
  6 big kobolds
  A gnoll sergeant (D:9)
  5 water moccasin zombies (Ossuary)
  23 giant frogs
  A wyvern skeleton (D:9)
  5 scorpions
  4 wights (D:15)
  2 vampire bats (Orc:2)
  3 electric eels
  70 killer bees
  9 crimson imps
  A lava snake (D:9)
  7 hounds
  A quasit (D:12)
  2 giant frog zombies
  25 orc wizards
  26 orc priests
  3 centaur skeletons
  6 iguanas
  9 jellies
  A giant frog skeleton (D:4)
  37 worker ants
  26 sheep
  2 big kobold zombies (Ossuary)
  2 hound skeletons
  3 mummies
  A worker ant zombie (D:7)
  78 river rats
  15 adders
  15 gnolls
  3 shadow imps
  9 oozes
  7 worms
  3 adder skeletons
  2 adder zombies (Ossuary)
  191 orcs
  2 ball pythons (D:3)
  3 giant cockroaches
  2 gnoll zombies (Ossuary)
  8 goblins
  11 hobgoblins
  3 jackals (D:6)
  6 quokkas
  12 bats
  8 giant geckos
  5 giant newts
  8 hobgoblin zombies (Ossuary)
  17 kobolds
  6 kobold zombies (Ossuary)
  4 orc zombies (Ossuary)
  3 rats
  2 plants
1227 creatures vanquished.

Vanquished Creatures (others)
  A fire drake (Lair:7)
  A river rat (Lair:7)
  A bush (Lair:2)
  25 fungi
  23 plants
  20 spectral weapons
71 creatures vanquished.

Grand Total: 1298 creatures vanquished

Notes
Turn   | Place    | Note
--------------------------------------------------------------
     0 | D:1      | abixa the Human Skald began the quest for the Orb.
     0 | D:1      | Reached XP level 1. HP: 16/16 MP: 3/3
   329 | D:1      | Reached XP level 2. HP: 19/22 MP: 0/5
   677 | D:1      | Reached XP level 3. HP: 19/27 MP: 2/6
   684 | D:1      | Learned a level 2 spell: Song of Slaying
  1527 | D:2      | Learned a level 2 spell: Shroud of Golubria
  1770 | D:2      | Reached skill level 4 in Polearms
  1770 | D:2      | Reached XP level 4. HP: 33/33 MP: 7/7
  1902 | D:2      | Reached XP level 5. HP: 33/38 MP: 8/8
  1966 | D:3      | Learned a level 3 spell: Spectral Weapon
  2068 | D:3      | Reached skill level 5 in Polearms
  2142 | D:3      | You fall through a shaft for 2 floors!
  2142 | D:5      | Entered Level 5 of the Dungeon
  2320 | D:4      | Reached skill level 1 in Hexes
  2523 | D:3      | Found a radiant altar of Vehumet.
  2523 | D:3      | Found an iron altar of Okawaru.
  2531 | D:3      | Became a worshipper of Warmaster Okawaru
  2597 | D:4      | Reached XP level 6. HP: 34/44 MP: 1/9
  3655 | D:3      | Reached skill level 6 in Polearms
  3744 | D:3      | Reached * piety under Okawaru
  3808 | D:3      | Reached XP level 7. HP: 47/50 MP: 8/10
  4214 | D:3      | Found a white marble altar of Elyvilon.
  4640 | D:5      | Noticed a sky beast
  4688 | D:5      | HP: 2/51 [sky beast (6)]
  5104 | D:5      | Reached skill level 1 in Invocations
  5753 | D:5      | Noticed a centaur
  5763 | D:5      | Killed a centaur
  5763 | D:5      | Reached XP level 8. HP: 45/57 MP: 4/11
  5832 | D:5      | Killed a sky beast
  5832 | D:5      | Reached ** piety under Okawaru
  6090 | D:5      | Found a stormy altar of Qazlal.
  6093 | D:5      | Found an ancient bone altar of Kikubaaqudgha.
  6096 | D:5      | Found a glowing golden altar of the Shining One.
  6457 | D:6      | Found a sand-covered staircase.
  6498 | Ossuary  | Entered an ossuary
  6543 | Ossuary  | Reached skill level 7 in Polearms
  6918 | Ossuary  | Reached XP level 9. HP: 65/65 MP: 12/12
  7166 | D:6      | Reached *** piety under Okawaru
  7170 | D:6      | Found a bloodstained altar of Trog.
  7255 | D:6      | Reached skill level 5 in Charms
  7571 | D:6      | Reached skill level 5 in Hexes
  7710 | D:6      | Found Akesh's Antique Weapon Emporium.
  7723 | D:6      | Reached skill level 5 in Fighting
  7723 | D:6      | Reached skill level 8 in Polearms
  7728 | D:6      | Bought a runed glaive for 208 gold pieces
  7770 | D:6      | Found a staircase to the Ecumenical Temple.
  7776 | Temple   | Entered the Ecumenical Temple
  9026 | D:7      | Reached **** piety under Okawaru
  9571 | D:7      | Noticed a centaur zombie
  9576 | D:7      | Killed a centaur zombie
  9576 | D:7      | Reached XP level 10. HP: 66/76 MP: 1/14
  9658 | D:8      | Reached skill level 9 in Polearms
 11201 | D:9      | Noticed abixa's ghost (novice OgSk)
 11434 | D:9      | Reached ***** piety under Okawaru
 12165 | D:9      | HP: 2/79 [killer bee (9)]
 12567 | D:9      | Found a shimmering altar of Xom.
 12998 | D:9      | Killed abixa's ghost
 12998 | D:9      | Reached skill level 10 in Polearms
 12998 | D:9      | Reached XP level 11. HP: 67/86 MP: 0/15
 13115 | D:9      | Found Ubaofaba's Assorted Antiques.
 13130 | D:9      | Bought a bubbling ruby potion for 23 gold pieces
 13130 | D:9      | Bought a brown potion for 23 gold pieces
 13130 | D:9      | Bought a silver wand for 104 gold pieces
 13250 | D:10     | Entered Level 10 of the Dungeon
 13405 | D:10     | Found Loelorr's Gadget Shop.
 13417 | D:10     | Found Sifovoix's Food Shop.
 13448 | D:10     | Noticed a hill giant
 13453 | D:10     | Killed a hill giant
 13530 | D:10     | Received a gift from Okawaru
 13535 | D:10     | Got a scorched cloak {god gift}
 13541 | D:10     | Identified the +0 cloak of Eternity {Int+5} (Okawaru gifted it to you on level 10 of the Dungeon)
 13817 | D:10     | Learned a level 4 spell: Cause Fear
 13821 | D:10     | Learned a level 3 spell: Regeneration
 13857 | D:10     | Found a staircase to the Lair.
 13868 | D:10     | Found Isikhloe's Jewellery Boutique.
 14842 | D:11     | Noticed a four-headed hydra
 14986 | Lair:1   | Entered Level 1 of the Lair of Beasts
 15441 | Lair:1   | Got a warped trident
 15442 | Lair:1   | Identified the +7 trident of Truth {pierce, rF+ Str+4} (You found it on level 1 of the Lair of Beasts)
 15683 | Lair:1   | Noticed Prince Ribbit
 15697 | Lair:1   | Reached skill level 11 in Polearms
 15706 | Lair:1   | Killed Prince Ribbit
 15922 | Lair:1   | Reached XP level 12. HP: 80/92 MP: 15/18
 15924 | Lair:1   | Reached skill level 5 in Dodging
 15925 | Lair:1   | Noticed a queen ant
 15956 | Lair:1   | Killed a queen ant
 15977 | Lair:1   | Reached skill level 5 in Armour
 16734 | Lair:2   | Reached ****** piety under Okawaru
 16818 | Lair:2   | Received a gift from Okawaru
 17435 | Lair:2   | Noticed Sonja
 17558 | Lair:2   | Reached skill level 12 in Polearms
 18222 | Lair:3   | Reached XP level 13. HP: 88/98 MP: 16/19
 19441 | Lair:4   | Reached skill level 13 in Polearms
 20339 | Lair:4   | Received a gift from Okawaru
 20346 | Lair:4   | Got a slimy ring mail {god gift}
 20357 | Lair:4   | Identified the +3 ring mail of the City {rN+} (Okawaru gifted it to you on level 4 of the Lair of Beasts)
 21965 | Lair:5   | Reached XP level 14. HP: 93/108 MP: 12/20
 22246 | Lair:5   | Reached skill level 14 in Polearms
 22548 | Lair:6   | Received a gift from Okawaru
 22783 | Lair:6   | Got a heavily runed shield
 22789 | Lair:6   | Identified the +2 shield "Plog" {SInv} (You found it on level 6 of the Lair of Beasts)
 22824 | Lair:6   | Reached skill level 10 in Fighting
 23176 | Lair:6   | Found a hole to the Spider Nest.
 23215 | Lair:6   | Found a staircase to the Shoals.
 23684 | Lair:7   | Received a gift from Okawaru
 23694 | Lair:7   | Reached skill level 5 in Spellcasting
 23814 | Lair:7   | Reached skill level 5 in Invocations
 23839 | Lair:7   | Reached XP level 15. HP: 89/115 MP: 19/22
 23891 | Lair:7   | Found a staircase to the Slime Pits.
 23914 | Lair:7   | Reached skill level 1 in Necromancy
 24351 | Lair:7   | Noticed Kirke
 24366 | Lair:8   | Entered Level 8 of the Lair of Beasts
 24743 | Lair:2   | Noticed Sonja
 24743 | Lair:2   | Sonja changed into Sonja the orb spider
 24754 | Lair:2   | Killed Sonja the orb spider
 24951 | D:11     | Noticed a cyan ugly thing
 24956 | D:11     | Killed a cyan ugly thing
 25030 | D:11     | Killed a four-headed hydra
 25049 | D:11     | Learned a level 1 spell: Apportation
 25081 | D:11     | Noticed a hill giant
 25089 | D:11     | Killed a hill giant
 25252 | D:12     | Found a labyrinth entrance.
 25271 | Lab      | Entered a labyrinth
 25974 | Lab      | Got a slimy lead ring
 26025 | D:12     | Found a frozen archway.
 26039 | IceCv    | Entered an ice cave
 26046 | IceCv    | Identified the ring "Ucu Coud" {Ice Int+2 Dex-4 Stlth+} (You took it off a minotaur in a labyrinth)
 26227 | IceCv    | Reached skill level 1 in Translocations
 26394 | IceCv    | Received a gift from Okawaru
 26401 | IceCv    | Got a twisted crystal plate armour {god gift}
 26760 | IceCv    | Noticed a frost giant
 26802 | IceCv    | Killed a frost giant
 27192 | D:12     | Identified a cursed +3 rod of clouds (10/10) (You found it in an ice cave)
 27204 | D:12     | Identified the +1 crystal plate armour of Misanthropy {rPois Int-2 Dex+8} (Okawaru gifted it to you in an ice cave)
 27292 | D:12     | Noticed crawlian's ghost (novice TrHu)
 27305 | D:12     | Killed crawlian's ghost
 27590 | D:12     | Found a staircase to the Orcish Mines.
 27934 | D:12     | Reached skill level 15 in Fighting
 28248 | Lair:2   | Noticed Harold
 28265 | Lair:2   | Killed Harold
 28391 | Lair:8   | Reached XP level 16. HP: 136/136 MP: 23/23
 28541 | Lair:8   | Received a gift from Okawaru
 28622 | Lair:8   | Reached skill level 16 in Fighting
 28976 | Lair:8   | Reached skill level 10 in Dodging
 28980 | Lair:8   | Reached skill level 10 in Armour
 30384 | Lair:8   | Reached skill level 5 in Necromancy
 30452 | Lair:8   | Reached skill level 5 in Translocations
 30676 | Lair:8   | Received a gift from Okawaru
 31113 | Lair:7   | Noticed a sphinx
 31375 | Lair:7   | Killed Kirke
 31580 | Orc:1    | Entered Level 1 of the Orcish Mines
 32748 | Orc:3    | Noticed Snorg
 32764 | Orc:3    | Killed Snorg
 33017 | Orc:3    | Found a roughly hewn altar of Beogh.
 33066 | Orc:3    | Found a roughly hewn altar of Beogh.
 33201 | Orc:3    | Noticed Donald
 33215 | Orc:3    | Killed Donald
 33252 | Orc:3    | Noticed Yermak's ghost (journeyman FoWn)
 33420 | Orc:3    | Noticed Josephine
 33441 | Orc:3    | Killed Josephine
 33756 | Orc:4    | Entered Level 4 of the Orcish Mines
 33803 | Orc:4    | Found a roughly hewn altar of Beogh.
 33836 | Orc:4    | Found Gihomiob's General Store.
 33851 | Orc:4    | Bought a scroll of fog for 28 gold pieces
 33851 | Orc:4    | Bought a scroll of identify for 28 gold pieces
 33907 | Orc:4    | Found a roughly hewn altar of Beogh.
 34139 | Orc:4    | Found a roughly hewn altar of Beogh.
 34410 | Orc:4    | Reached XP level 17. HP: 122/144 MP: 24/24
 34838 | Orc:4    | Received a gift from Okawaru
 35010 | Orc:4    | Found Onamniab's Antique Armour Shop.
 35010 | Orc:4    | Found a roughly hewn altar of Beogh.
 35011 | Orc:4    | Found Binovife's Antique Weapon Boutique.
 35024 | Orc:4    | Bought a translucent leather armour for 252 gold pieces
 35024 | Orc:4    | Bought a pair of glowing gloves for 162 gold pieces
 35024 | Orc:4    | Bought an embroidered cloak for 162 gold pieces
 35131 | Orc:4    | Identified the +2 leather armour of Orthodoxy {*Contam rPois rN+ Int+3} (You bought it in a shop on level 4 of the Orcish Mines)
 35151 | Orc:4    | Found a staircase to the Elven Halls.
 35287 | Orc:4    | Found a roughly hewn altar of Beogh.
 35449 | Orc:4    | Found a roughly hewn altar of Beogh.
 35587 | Orc:4    | Found a roughly hewn altar of Beogh.
 35588 | Orc:4    | Found Puyriah's Antique Armour Shoppe.
 35596 | Orc:4    | Bought a scorched chain mail for 237 gold pieces
 36534 | D:13     | Found a gate to the Vaults.
 36893 | D:14     | Received a gift from Okawaru
 36980 | D:14     | Noticed Nessos
 36993 | D:14     | Killed Nessos
 37006 | D:14     | Got a faintly humming chain mail
 37580 | D:15     | Entered Level 15 of the Dungeon
 37911 | D:15     | Received a gift from Okawaru
 38370 | D:15     | Found a staircase to the Depths.
 38735 | D:11     | Reached XP level 18. HP: 138/151 MP: 27/27
 38769 | D:10     | Bought an uncursed amulet of faith for 560 gold pieces
 38932 | Spider:1 | Entered Level 1 of the Spider Nest
 39691 | Spider:2 | HP: 7/151 [emperor scorpion (6)]
 39695 | Spider:2 | HP: 3/151 [emperor scorpion (1)]
 39704 | Spider:2 | HP: 6/151 [emperor scorpion (1)]
 39705 | Spider:2 | Noticed Roxanne
 39707 | Spider:2 | Slain by a tarantella

Action                   |  1- 3 |  4- 6 |  7- 9 | 10-12 | 13-15 | 16-18 || total
-------------------------+-------+-------+-------+-------+-------+-------++-------
Melee: Spear             |   143 |    49 |   287 |       |       |       ||   479
       Trident           |       |   142 |   117 |   318 |  1053 |  1312 ||  2942
       Dagger            |       |       |    10 |       |       |       ||    10
       Glaive            |       |       |    90 |   273 |       |       ||   363
 Fire: Blowgun           |       |       |       |     4 |       |       ||     4
Throw: Stone             |       |     2 |     5 |       |       |       ||     7
       Javelin           |       |       |       |     3 |       |       ||     3
 Cast: Infusion          |    11 |    10 |    21 |     4 |    10 |    18 ||    74
       Shroud of Golubri |     1 |    11 |    22 |    12 |    55 |    51 ||   152
       Spectral Weapon   |       |       |     1 |    39 |    83 |   101 ||   224
       Song of Slaying   |       |       |       |     1 |     7 |    18 ||    26
       Regeneration      |       |       |       |       |    17 |    37 ||    54
       Cause Fear        |       |       |       |       |       |     1 ||     1
Invok: Heroism           |       |       |       |       |       |     1 ||     1
Evoke: Wand              |       |       |       |     3 |     4 |     1 ||     8
  Use: Scroll            |       |       |    12 |     6 |    15 |     8 ||    41
       Potion            |       |       |       |     1 |     1 |       ||     2
 Stab: Sleeping          |     1 |     1 |     1 |       |       |     3 ||     6
       Distracted        |       |       |       |     2 |    13 |    22 ||    37
  Eat: Chunk             |     2 |     9 |    20 |    29 |    39 |    41 ||   140
       Fruit             |       |       |     2 |     3 |     1 |     1 ||     7
